 Dungeon Crawl Stone Soup version 0.20-a0-277-g7db01f4 (webtiles) character file.

113995 esc the Shatterer (level 16, -7/174 HPs)
             Began as an Ogre Arcane Marksman on Dec 11, 2016.
             Was the Champion of Yredelemnul.
             Mangled by a seven-headed hydra (9 damage)
             ... on level 4 of the Swamp.
             The game lasted 02:05:37 (31547 turns).

esc the Shatterer (Ogre Arcane Marksman)           Turns: 31547, Time: 02:05:38

Health: -7/174     AC:  7    Str: 27    XL:     16   Next: 64%
Magic:  14/21      EV: 19    Int: 14    God:    Yredelemnul [******]
Gold:   1816       SH:  0    Dex:  9    Spells: 13/17 levels left

rFire  . . .     SeeInvis .     r - +7 giant spiked club (freeze)
rCold  + . .     Gourm    .     R - +1 robe of Tidghut {rElec Str+2}
rNeg   . . .     Faith    .     (shield currently unavailable)
rPois  +         Spirit   .     j - +2 hat
rElec  +         Reflect  .     T - +0 cloak "Goos" {rCorr}
rCorr  +         Harm     .     (gloves unavailable)
MR     +....                    (boots unavailable)
Stlth  ++++......               p - amulet of regeneration {+regen, !d}
                                S - ring of poison resistance {rPois, !d}
                                N - ring of Beauty {rC+ EV+5 Stlth+}

@: wreathed by umbra
A: unfitting armour, talons 1, clever 1, tough skin 1
a: Recall Undead Slaves, Injury Mirror, Animate Dead, Drain Life, Enslave Soul,
Renounce Religion


You were on level 4 of the Swamp.
You worshipped Yredelemnul.
Yredelemnul was exalted by your worship.
You were not hungry.

You visited 6 branches of the dungeon, and saw 29 of its levels.
You also visited: Labyrinth and Sewer.

You collected 3037 gold pieces.
You spent 1221 gold pieces at shops.

Inventory:

Hand Weapons
 b - a +0 blowgun
   (You took it off a kobold on level 3 of the Dungeon)
 r - a +7 giant spiked club of freezing (weapon)
   (You took it off a two-headed ogre on level 10 of the Dungeon)
Missiles
 a - 7 curare-tipped needles
 d - 2 throwing nets {=f, !d}
 u - 122 poisoned needles
 v - 5 javelins of penetration
 y - 41 tomahawks
 M - 5 silver tomahawks
 Q - 13 large rocks (quivered) {!d}
 U - 8 tomahawks of returning
Armour
 j - a +2 hat (worn)
   (You bought it in a shop on level 15 of the Dungeon)
 R - the +1 robe of Tidghut (worn) {rElec Str+2}
   (You bought it in a shop on level 2 of the Orcish Mines)

   It affects your strength (+2).
   It insulates you from electricity.
 T - the +0 cloak "Goos" (worn) {rCorr}
   (You bought it in a shop on level 7 of the Dungeon)

   It protects you from acid and corrosion.
Jewellery
 p - an amulet of regeneration (around neck) {+regen, !d}
   (You found it on level 2 of the Dungeon)
 I - an uncursed ring of protection from magic {MR+, !d}
   (You found it on level 15 of the Dungeon)
 N - the ring of Beauty (left hand) {rC+ EV+5 Stlth+}
   (You found it on level 15 of the Dungeon)

   [ring of evasion]

   It affects your evasion (+5).
   It protects you from cold.
   It makes you more stealthy.
 S - a ring of poison resistance (right hand) {rPois, !d}
   (You found it on level 7 of the Dungeon)
Wands
 i - a wand of digging (3/24)
   (You took it off an orc wizard on level 7 of the Dungeon)
 k - a wand of polymorph (13/24)
   (You found it on level 5 of the Lair of Beasts)
 n - a wand of confusion (21/48)
   (You found it on level 14 of the Dungeon)
 z - a wand of paralysis (9/24)
   (You found it on level 12 of the Dungeon)
 A - a wand of teleportation (2/9)
   (You found it on level 1 of the Lair of Beasts)
 K - a wand of acid (2/15)
   (You found it on level 9 of the Dungeon)
 X - a wand of slowing (10/48)
   (You found it in a labyrinth)
Scrolls
 o - 2 scrolls of magic mapping {!r}
 s - 12 scrolls of remove curse
 t - 4 scrolls of fear
 C - 9 scrolls of teleportation
 D - 6 scrolls of enchant armour
 E - 3 scrolls of recharging
 H - 5 scrolls of fog
Potions
 e - 5 potions of lignification {!q}
 g - a potion of might
 l - a potion of haste
 m - a potion of degeneration {unknown}
 w - 9 potions of curing
 B - 2 potions of flight
 F - a potion of resistance
 G - 2 potions of cure mutation {!q}
 O - a potion of invisibility
Miscellaneous
 c - 2 phantom mirrors
 P - a phial of floods
   (You found it on level 15 of the Dungeon)
Comestibles
 f - 13 bread rations {@e1}
 h - 15 meat rations {@e2}


   Skills:
 * Level 14.8 Fighting
 + Level 22.7 Maces & Flails
 - Level 15.2 Throwing
 * Level 10.9 Dodging
 - Level 1.2 Spellcasting
 - Level 2.1 Hexes
 - Level 7.5 Invocations


You had 13 spell levels left.
You knew the following spells:

 Your Spells              Type           Power        Failure   Level  Hunger
g - Apportation           Tloc           #.........   30%         1    ##.....
s - Slow                  Hex            #.......     21%         2    ###....
v - Corona                Hex            #......      14%         1    ##.....


Dungeon Overview and Level Annotations

Branches:
Dungeon (15/15)            Temple (1/1) D:4            Lair (6/6) D:10
  Swamp (4/4) Lair:3       Spider (1/4) Lair:2        Slime (0/5) Lair:6
    Orc (2/2) D:10            Elf (0/3) Orc:2        Vaults (0/5) D:13
 Depths (0/5) D:15

Altars:
Ashenzari
Cheibriados
Dithmenos
Elyvilon
Fedhas
Gozag
Hepliaklqana
Kikubaaqudgha
Makhleb
Nemelex Xobeh
Okawaru
Qazlal
Ru
Sif Muna
Trog
Uskayaw
Vehumet
Xom
Yredelemnul
Zin
The Shining One
Jiyva

Shops:
D:4 ?   D:6 ?   D:7 =*[?   D:8 =[*:   D:11 !   D:15 [[(   Orc:1 %(:
Orc:2 [=*(

Annotations:
Swamp:1 Roxanne


Innate Abilities, Weirdness & Mutations

You are too large for most types of armour.
You have tough skin. (AC +1)
You have sharp toenails.
Your mind is acute. (Int +2)


Message History

A hydra and 2 swamp dragons come into view.
The seven-headed hydra roars!
The swamp dragon roars deafeningly! x2
You hear a roar!
The seven-headed hydra misses you.
The seven-headed hydra closely misses you.
The seven-headed hydra bites you! The seven-headed hydra bites you. x2
The seven-headed hydra misses you. x2
Found a scroll of silence.
Found a stone staircase leading up.
You take 17 damage, and have 100/174 hp.
You begin recalling your allies.
Your profane servitor is recalled.
You finish recalling your allies.
The seven-headed hydra misses you. The seven-headed hydra bites you!
The seven-headed hydra completely misses you.
The seven-headed hydra closely misses you.
The seven-headed hydra bites you but does no damage.
The seven-headed hydra bites you.
The seven-headed hydra closely misses you.
You take 18 damage, and have 82/174 hp.
You now have 19/21 mp.
You draw life from your surroundings.
You draw life from the swamp dragon. x2
You draw life from the seven-headed hydra.
You feel life flooding into your body.
You feel somewhat more hungry.
Your profane servitor hits the seven-headed hydra with a vampiric whip!
Your profane servitor draws strength from the seven-headed hydra's injuries!
Your profane servitor hits the seven-headed hydra with a vampiric whip.
The swamp dragon barely misses you. The swamp dragon misses you.
The swamp dragon tramples you but does no damage.
Your profane servitor barely misses the seven-headed hydra.
Your profane servitor hits the seven-headed hydra with a vampiric whip.
The seven-headed hydra completely misses you.
The seven-headed hydra bites you. The seven-headed hydra bites you!
The seven-headed hydra bites you. The seven-headed hydra bites you!
The seven-headed hydra bites you but does no damage.
The seven-headed hydra misses you.
A seven-headed hydra comes into view.
You take 12 damage, and have 70/174 hp.
You now have 13/21 mp.
You hammer the seven-headed hydra like a gong!!!
You freeze the seven-headed hydra!
You kill the seven-headed hydra!
Yredelemnul accepts your kill.
You hear a deafening roar!
You hear a roar! x4; You hear a deafening roar!
You hear a roar! x7
The swamp dragon bites your profane servitor.
The swamp dragon closely misses your profane servitor.
The swamp dragon completely misses your profane servitor.
Your profane servitor hits the swamp dragon with a vampiric whip!!
Your profane servitor draws strength from the swamp dragon's injuries!
Your profane servitor hits the swamp dragon with a vampiric whip.
The swamp dragon bites you! The swamp dragon misses you.
The swamp dragon tramples you.
You hold your ground!
A six-headed hydra comes into view.
You take 9 damage, and have 61/174 hp.
You enter the shallow water.
Moving in this stuff is going to be slow.
Your profane servitor hits the swamp dragon with a vampiric whip!!
Your profane servitor draws strength from the swamp dragon's injuries!
Your profane servitor hits the swamp dragon with a vampiric whip.
The swamp dragon bites your profane servitor but does no damage.
The swamp dragon barely misses your profane servitor.
The swamp dragon closely misses your profane servitor.
The swamp dragon bites you!
* * * LOW HITPOINT WARNING * * *
The swamp dragon barely misses you. The swamp dragon tramples you.
* * * LOW HITPOINT WARNING * * *
You hold your ground!
Your profane servitor hits the swamp dragon with a vampiric whip!
Your profane servitor draws strength from the swamp dragon's injuries!
Your profane servitor hits the swamp dragon with a vampiric whip.
Your profane servitor drains the swamp dragon!
You see here a hydra corpse.
You take 19 damage, and have 42/174 hp. 2 swamp drakes come into view.
Your profane servitor hits the swamp dragon with a vampiric whip!
The swamp dragon dies!
Yredelemnul accepts your kill.
The swamp drake moves out of view.
The swamp dragon bites your profane servitor!
The swamp dragon closely misses your profane servitor.
The swamp dragon misses your profane servitor.
Your profane servitor barely misses the swamp dragon.
Your profane servitor hits the swamp dragon but does no damage.
A swamp dragon comes into view.
The swamp dragon bites your profane servitor.
The swamp dragon barely misses your profane servitor.
The swamp dragon closely misses your profane servitor.
Your profane servitor hits the swamp dragon with a vampiric whip.
Your profane servitor draws strength from the swamp dragon's injuries!
Your profane servitor is healed.
Your profane servitor hits the swamp dragon but does no damage.
The seven-headed hydra bites you!
* * * LOW HITPOINT WARNING * * *
The seven-headed hydra bites you!
* * * LOW HITPOINT WARNING * * *
The seven-headed hydra closely misses you.
The seven-headed hydra bites you!
* * * LOW HITPOINT WARNING * * *
The seven-headed hydra bites you!
You die...
Your body rises from the dead as a mindless zombie.

..♣≈ ≈≈≈.≈
.≈≈≈. ≈≈≈...
♣♣♣ ≈≈≈≈≈.
♣≈.♣♣♣.≈§≈≈≈
♣..≈..<≈≈≈≈≈
♣♣♣.≈.@≈≈§≈≈≈.
♣≈.≈≈..D≈≈≈≈≈.
♣.≈≈≈†A≈D.♣≈♣≈
♣≈....D...k≈..
♣♣♣....≈≈##k##
♣≈≈≈≈≈♣## D#
♣.≈..≈# .
♣.?≈.♣# ♣♣.≈♣#


You could see a seven-headed hydra, a six-headed hydra, 2 swamp dragons, 2 swamp
drakes and a friendly profane servitor.

Vanquished Creatures
  A fire giant (D:15)
  Louise (Swamp:1)
  An orc warlord (Orc:2)
  An emperor scorpion (Spider:1)
  Snorg (Lair:5)
  A minotaur (Lab)
  2 great orbs of eyes (D:15)
  7 vault guards
  2 yaktaur captains (D:15)
  A rakshasa (D:15)
  8 hydras
  2 centaur warriors (D:15)
  A catoblepas (Lair:6)
  A death knight (D:15)
  2 deep troll shamans
  3 alligators
  3 ghost crabs
  4 ogre magi
  2 orc high priests (Orc:2)
  4 tengu warriors
  4 death yaks
  An unseen horror (shapeshifter) (D:15)
  3 swamp dragons
  2 shambling mangroves
  6 hill giants
  2 deep elf magi (D:15)
  3 orc knights
  6 ugly things
  An orc sorcerer (Orc:2)
  A wolf spider (Spider:1)
  A manticore (D:11)
  Joseph (Lair:1)
  4 elephants (Lair:6)
  9 spiny frogs
  3 gargoyles
  An efreet (D:15)
  A demonic crawler (Spider:1)
  4 rime drakes
  A freezing wraith (D:15)
  3 komodo dragons
  2 tengu conjurers (D:15)
  2 yaktaurs
  4 hornets
  4 two-headed ogres
  6 tyrant leeches
  7 blink frogs
  A jumping spider (Spider:1)
  6 trolls
  A wolf spider simulacrum (D:15)
  Grinder (D:6)
  3 polar bears
  A meliai zombie (D:15)
  2 bog bodies
  6 dream sheep (Lair:5)
  4 hippogriffs
  A slime creature (D:15)
  A redback (Lair:2)
  A spriggan (Swamp:2)
  2 wyverns
  A human (D:13)
  A water elemental (D:14)
  41 yaks
  3 basilisks
  A vampire (D:13)
  3 hungry ghosts
  6 vampire mosquitoes
  3 wargs
  A redback simulacrum (D:14)
  13 insubstantial wisps
  13 swamp worms
  A soldier ant (D:12)
  3 water moccasins
  5 porcupines
  3 floating eyes
  12 orc warriors
  5 sky beasts
  5 black bears
  3 swamp drakes
  A necrophage (D:13)
  3 ice beasts
  A black bear (shapeshifter) (D:15)
  2 phantoms
  14 ogres
  6 wolves
  10 centaurs
  3 boggarts (D:15)
  8 crocodiles
  13 bullfrogs
  A big kobold (D:8)
  An earth elemental (Lab)
  A wyvern zombie (D:13)
  A scorpion (D:10)
  A water moccasin skeleton (D:9)
  19 wights
  5 killer bees (D:10)
  5 howler monkeys
  An electric eel (D:14)
  A lava snake (D:13)
  4 crimson imps
  2 centaur zombies
  2 bullfrog zombies
  5 jellies
  9 orc priests
  A gnoll shaman (Orc:1)
  8 hounds
  5 iguanas
  13 orc wizards
  7 centaur skeletons
  5 hell rats
  A killer bee zombie (D:9)
  13 worker ants
  2 hound zombies
  A hound skeleton (D:11)
  A worker ant zombie (D:11)
  17 gnolls
  6 river rats
  16 adders
  3 shadow imps
  An ooze (D:5)
  An adder skeleton (D:6)
  5 worms
  2 dart slugs (D:1)
  12 leopard geckos
  50 orcs
  5 ball pythons
  7 bats
  10 giant cockroaches
  8 goblins
  5 hobgoblins
  5 jackals
  9 quokkas
  11 frilled lizards
  8 kobolds
  2 leopard gecko skeletons
  A quokka zombie (D:5)
  24 rats
667 creatures vanquished.

Vanquished Creatures (collateral kills)
  Frances (D:12)
  A frost giant (D:15)
  A stone giant (Orc:1)
  A crystal guardian (D:15)
  5 hydras
  2 vault guards
  A catoblepas (Lair:6)
  2 centaur warriors
  A ghost crab (Swamp:2)
  3 alligators
  3 death yaks (Lair:6)
  An ogre mage (D:15)
  An orc high priest (Orc:2)
  Nergalle (Lair:1)
  Sonja (D:15)
  3 unseen horrors
  A shambling mangrove (Swamp:2)
  A spriggan druid (Swamp:3)
  A hill giant (D:15)
  2 swamp dragons
  An orb spider (Spider:1)
  An orc knight (D:15)
  A deep elf mage (D:15)
  An orc sorcerer (Orc:2)
  2 wolf spiders (Spider:1)
  2 cyclopes (D:15)
  5 elephants (Lair:6)
  A black mamba (Lair:4)
  6 spiny frogs
  A komodo dragon (Lair:4)
  A redback zombie (D:15)
  2 yaktaurs
  2 tengu conjurers
  2 trolls (Orc:2)
  3 jumping spiders
  4 hornets (Swamp:2)
  2 tyrant leeches
  2 hippogriffs
  4 bog bodies
  2 blink frogs (Lair:6)
  2 spriggans (Swamp:2)
  A tarantella (Spider:1)
  15 yaks
  A water elemental (D:14)
  A wyvern (Lair:4)
  Grum (Lair:1)
  A basilisk (Lair:1)
  17 vampire mosquitoes
  4 swamp worms
  2 wargs
  8 insubstantial wisps
  An acid dragon (D:15)
  2 water moccasins (Lair:4)
  2 porcupines
  19 orc warriors
  4 ogres
  2 swamp drakes
  3 black bears
  A sky beast (D:12)
  A boggart (D:15)
  An eye of draining (D:14)
  3 wolves
  4 crocodiles
  6 bullfrogs
  A scorpion (D:12)
  A killer bee (D:11)
  3 wights
  2 electric eels
  A lava snake (D:13)
  A crimson imp (D:12)
  4 howler monkeys
  A hound (D:9)
  2 centaur skeletons
  A bullfrog skeleton (D:9)
  8 orc wizards
  3 worker ants
  4 hell rats
  2 hound skeletons
  4 gnolls
  2 river rats
  A shadow imp (D:12)
  16 orcs
  3 jackals
  2 kobolds (D:8)
  4 rats
  2 butterflies (Lair:1)
  64 fungi
  22 plants
334 creatures vanquished.

Vanquished Creatures (others)
  A ghoul (Swamp:1)
  A vampire knight (Swamp:1)
  2 flayed ghosts
  3 phantasmal warriors
  An ugly thing zombie (D:14)
  A centaur zombie (D:15)
  A catoblepas zombie (Lair:6)
  A human zombie (Swamp:1)
  A hydra zombie (D:14)
  13 flying skulls
  5 vampires
  A wraith (D:14)
  A tyrant leech zombie (Swamp:2)
  A hornet zombie (Swamp:2)
  A dream sheep zombie (Lair:5)
  2 blink frog zombies (Lair:6)
  4 vampire mosquito zombies
  2 hippogriff zombies
  A komodo dragon zombie (Lair:6)
  2 water moccasin zombies (Lair:4)
  2 tengu zombies (D:15)
  3 yak zombies
  3 wights
  2 bullfrog zombies
  A black bear zombie (D:6)
  A centaur skeleton (D:9)
  A human skeleton (Lair:6)
  A porcupine zombie (Lair:1)
  2 ogre zombies
  A crocodile zombie (D:10)
  A mummy (D:10)
  A hell rat zombie (Lair:6)
  An orc skeleton (D:8)
  A gnoll zombie (D:9)
  2 jackal zombies (D:9)
  11 orc zombies
  2 bushes (D:10)
  25 fungi
  23 plants
129 creatures vanquished.

Grand Total: 1130 creatures vanquished

Notes
Turn   | Place    | Note
-------+----------+-------------------------------------------
     0 | D:1      | esc the Ogre Arcane Marksman began the quest for the Orb.
     0 | D:1      | Reached XP level 1. HP: 19/19 MP: 2/2
    69 | D:1      | Reached skill level 1 in Maces & Flails
   139 | D:1      | Reached skill level 2 in Maces & Flails
   139 | D:1      | Reached XP level 2. HP: 22/27 MP: 3/3
   461 | D:1      | Reached skill level 3 in Maces & Flails
   894 | D:1      | Reached XP level 3. HP: 23/33 MP: 4/4
  1352 | D:2      | Reached skill level 4 in Maces & Flails
  1645 | D:2      | Reached XP level 4. HP: 41/41 MP: 5/5
  1894 | D:3      | Reached skill level 5 in Maces & Flails
  2344 | D:1      | Reached skill level 2 in Dodging
  2670 | D:2      | Found a shimmering altar of Xom.
  2741 | D:2      | Reached XP level 5. HP: 26/49 MP: 6/6
  2745 | D:2      | HP: 18/73 [poisoned by a gnoll]
  2750 | D:2      | HP: 13/73 [poisoned by a gnoll]
  2755 | D:2      | HP: 10/73 [poisoned by a gnoll]
  2766 | D:2      | HP: 10/49 [gnoll/spear (7)]
  2769 | D:2      | Reached skill level 2 in Fighting
  2770 | D:2      | HP: 4/49 [poisoned by a gnoll]
  2778 | D:2      | HP: 3/49 [poisoned by a gnoll]
  3855 | D:3      | Noticed a sky beast
  3979 | D:3      | Reached skill level 3 in Fighting
  4096 | D:3      | Reached XP level 6. HP: 59/61 MP: 7/7
  4381 | D:4      | Found a shadowy altar of Dithmenos.
  4565 | D:4      | Reached skill level 6 in Maces & Flails
  4565 | D:4      | Reached skill level 3 in Throwing
  4639 | D:4      | Reached skill level 3 in Dodging
  4784 | D:4      | Reached skill level 4 in Fighting
  4791 | D:4      | Found a staircase to the Ecumenical Temple.
  4800 | D:4      | Reached XP level 7. HP: 28/70 MP: 8/8
  4809 | Temple   | Entered the Ecumenical Temple
  5018 | Temple   | Became a worshipper of Yredelemnul the Dark
  5062 | D:4      | Found Eleal's Magic Scroll Shoppe.
  5065 | D:4      | Bought a scroll of identify for 28 gold pieces
  5065 | D:4      | Bought a scroll of identify for 28 gold pieces
  5065 | D:4      | Bought a scroll of identify for 28 gold pieces
  5065 | D:4      | Bought a scroll of identify for 28 gold pieces
  5248 | D:4      | Found a stormy altar of Qazlal.
  5333 | D:5      | Entered Level 5 of the Dungeon
  5773 | D:5      | Found a glowing drain.
  5779 | D:5      | Learned a level 2 spell: Slow
  5787 | Sewer    | Entered a sewer
  5798 | Sewer    | Reached * piety under Yredelemnul
  6037 | Sewer    | Got a translucent scimitar
  6039 | Sewer    | Identified the +2 scimitar of Starshine {slice, rC+++ MR- Dex+4 Stlth+} (You found it in a sewer)
  6199 | D:5      | Reached skill level 5 in Fighting
  6199 | D:5      | Reached skill level 7 in Maces & Flails
  6199 | D:5      | Reached skill level 4 in Throwing
  6485 | D:6      | Found a glowing golden altar of the Shining One.
  6513 | D:6      | Reached XP level 8. HP: 80/80 MP: 9/9
  6535 | D:6      | Noticed Grinder
  6618 | D:7      | Reached skill level 4 in Dodging
  6623 | D:7      | Found a radiant altar of Vehumet.
  6729 | D:7      | Noticed a hornet
  6777 | D:7      | Reached ** piety under Yredelemnul
  7142 | D:7      | Found Suer's Jewellery Shoppe.
  7144 | D:7      | Found Pygegutoz's Antique Armour Shoppe.
  7144 | D:7      | Found Plog's General Store.
  7148 | D:7      | Found Idycasm's Magic Scroll Shoppe.
  7153 | D:7      | Reached skill level 6 in Fighting
  7168 | D:7      | Bought 2 scrolls of identify for 48 gold pieces
  7168 | D:7      | Bought a scroll of identify for 24 gold pieces
  7181 | D:7      | Bought a scroll of identify for 22 gold pieces
  7181 | D:7      | Bought a scroll of identify for 22 gold pieces
  7302 | D:7      | Noticed a hill giant
  7318 | D:7      | HP: 16/83 [hill giant/giant club (24)]
  7466 | D:6      | Killed Grinder
  7466 | D:6      | Reached skill level 8 in Maces & Flails
  7466 | D:6      | Reached skill level 5 in Throwing
  7466 | D:6      | Reached skill level 5 in Dodging
  7524 | D:6      | Found Seareul's Magic Scroll Shoppe.
  8194 | D:7      | Reached XP level 9. HP: 92/92 MP: 10/10
  8314 | D:7      | Reached skill level 7 in Fighting
  8623 | D:7      | Reached *** piety under Yredelemnul
  8637 | D:7      | HP: 15/93 [hornet (15)]
  8901 | D:7      | Killed a hornet
  8952 | D:7      | Killed a hill giant
  8952 | D:7      | Reached skill level 9 in Maces & Flails
  8952 | D:7      | Reached skill level 6 in Throwing
  9056 | D:8      | Found Opyfod's Jewellery Boutique.
  9135 | D:7      | Bought an ancient cloak for 171 gold pieces
  9135 | D:7      | Identified the cursed +0 cloak "Goos" {rCorr} (You bought it in a shop on level 7 of the Dungeon)
  9193 | D:8      | Reached skill level 8 in Fighting
  9366 | D:8      | Found Haosaimy's Assorted Antiques.
  9372 | D:8      | Gained mutation: Your mind is acute. (Int +2) [potion of beneficial mutation]
  9398 | D:8      | Received a gift from Yredelemnul (a wight)
  9422 | D:8      | Found Ziahyur's Antique Armour Shoppe.
  9426 | D:8      | Found Ponag's Book Shoppe.
  9635 | D:8      | Reached skill level 6 in Dodging
  9638 | D:8      | Bought a coppery potion for 26 gold pieces
  9695 | D:8      | HP: 15/97 [yak (10)]
  9706 | D:8      | HP: 9/97 [yak (14)]
  9713 | D:8      | Reached XP level 10. HP: 35/106 MP: 11/11
  9824 | D:8      | Reached skill level 9 in Fighting
  9828 | D:8      | Reached skill level 10 in Maces & Flails
  9889 | D:9      | Reached skill level 7 in Throwing
  9970 | D:9      | Reached **** piety under Yredelemnul
 10331 | D:9      | Paralysed by a floating eye for 4 turns
 10336 | D:9      | Reached skill level 7 in Dodging
 10461 | D:9      | Found a blossoming altar of Fedhas.
 10596 | D:9      | Reached skill level 10 in Fighting
 10620 | D:9      | Found a bloodstained altar of Trog.
 10761 | D:10     | Entered Level 10 of the Dungeon
 10922 | D:10     | Noticed a hill giant
 10948 | D:10     | Killed a hill giant
 10948 | D:10     | Reached skill level 11 in Maces & Flails
 10948 | D:10     | Reached skill level 8 in Throwing
 11126 | D:10     | Reached skill level 2 in Invocations
 11126 | D:10     | Reached XP level 11. HP: 101/119 MP: 12/12
 11126 | D:10     | Received a gift from Yredelemnul (a mummy)
 11146 | D:10     | Found a staircase to the Orcish Mines.
 11167 | D:10     | Reached skill level 3 in Invocations
 11282 | D:10     | Reached skill level 4 in Invocations
 11370 | D:10     | Reached skill level 5 in Invocations
 11382 | D:10     | Reached ***** piety under Yredelemnul
 11384 | D:10     | Found a staircase to the Lair.
 12223 | D:10     | Received a gift from Yredelemnul (a wight)
 12569 | Lair:1   | Entered Level 1 of the Lair of Beasts
 12664 | Lair:1   | Reached skill level 11 in Fighting
 12668 | Lair:1   | Received a gift from Yredelemnul (3 flying skulls)
 12719 | Lair:1   | Noticed Nergalle
 12734 | Lair:1   | Killed Nergalle
 12814 | Lair:1   | Reached skill level 8 in Dodging
 12842 | Lair:1   | Noticed Joseph
 12852 | Lair:1   | Killed Joseph
 12852 | Lair:1   | Reached skill level 12 in Maces & Flails
 12895 | Lair:1   | Reached skill level 9 in Throwing
 12898 | Lair:1   | Noticed Grum
 12908 | Lair:1   | Killed Grum
 13531 | Lair:2   | Reached XP level 12. HP: 131/131 MP: 16/16
 13635 | Lair:2   | Found a hole to the Spider Nest.
 13682 | Lair:2   | Received a gift from Yredelemnul (a vampire)
 14499 | Lair:3   | Reached skill level 12 in Fighting
 14664 | Lair:3   | Found a shimmering altar of Xom.
 14673 | Lair:3   | Got an encrusted hunting sling
 15376 | Lair:4   | Found a labyrinth entrance.
 15397 | Lair:4   | Reached skill level 13 in Maces & Flails
 15397 | Lair:4   | Reached skill level 10 in Throwing
 15459 | Lab      | Entered a labyrinth
 15584 | Lab      | Noticed a minotaur
 15594 | Lab      | Killed a minotaur
 15594 | Lab      | Reached skill level 9 in Dodging
 15608 | Lab      | Identified the Reference Book on the Creative Oath
 15621 | Lair:4   | Identified a +4 iron rod (9/9) (You found it in a labyrinth)
 15665 | Lair:4   | Noticed an eight-headed hydra
 15668 | Lair:4   | Killed an eight-headed hydra
 15962 | Lair:4   | Received a gift from Yredelemnul (2 flying skulls)
 16451 | Lair:5   | Noticed an eight-headed hydra
 16457 | Lair:5   | Killed an eight-headed hydra
 16473 | Lair:5   | Noticed a four-headed hydra
 16478 | Lair:5   | Killed a four-headed hydra
 16478 | Lair:5   | Reached skill level 11 in Throwing
 16493 | Lair:5   | Reached skill level 13 in Fighting
 16580 | Lair:5   | Gained mutation: You have sharp toenails. [potion of beneficial mutation]
 16642 | Lair:5   | Noticed Snorg
 16657 | Lair:5   | Killed Snorg
 16657 | Lair:5   | Reached XP level 13. HP: 40/144 MP: 17/17
 16684 | Lair:5   | Got a smoking robe
 16896 | Lair:5   | Identified the +1 robe "Boech" {rPois Int+4 Dex-4} (You found it on level 5 of the Lair of Beasts)
 17545 | Lair:6   | Entered Level 6 of the Lair of Beasts
 17579 | Lair:5   | Reached skill level 14 in Maces & Flails
 17799 | Lair:5   | Received a gift from Yredelemnul (a wight)
 18264 | Lair:6   | Found a staircase to the Slime Pits.
 18264 | Lair:6   | Found a viscous altar of Jiyva.
 18305 | Lair:6   | Reached skill level 10 in Dodging
 18544 | Lair:6   | Reached skill level 12 in Throwing
 18577 | Lair:6   | Received a gift from Yredelemnul (a vampire)
 18585 | Lair:6   | Reached skill level 6 in Invocations
 18675 | Lair:6   | Got a scintillating wooden ring
 19230 | Lair:6   | Reached skill level 14 in Fighting
 19231 | Lair:6   | Received a gift from Yredelemnul (3 flying skulls)
 19619 | Lair:6   | HP: 31/146 [five-headed hydra (6)]
 19794 | Lair:6   | Identified the ring of the Gloaming {rCorr Int+4} (You found it on level 6 of the Lair of Beasts)
 19929 | Lair:6   | Reached skill level 7 in Invocations
 19929 | Lair:6   | Reached XP level 14. HP: 109/156 MP: 16/19
 19941 | Lair:6   | Reached skill level 15 in Maces & Flails
 20265 | D:11     | Identified a scroll of acquirement
 20319 | D:11     | Received a gift from Yredelemnul (5 flying skulls)
 20356 | D:11     | Reached skill level 13 in Throwing
 20671 | D:11     | Found Paeg's Distillery.
 20682 | D:11     | Bought a potion of haste for 130 gold pieces
 20682 | D:11     | Bought a potion of might for 52 gold pieces
 20682 | D:11     | Bought a potion of curing for 39 gold pieces
 21124 | D:12     | Noticed Frances
 21135 | D:12     | HP: 18/157 [Frances/shard of ice (36)]
 21143 | D:12     | Killed Frances
 21507 | D:12     | Received a gift from Yredelemnul (a wraith)
 21522 | D:12     | Identified Sif Muna's Volume of Creation
 22105 | Orc:1    | Entered Level 1 of the Orcish Mines
 22116 | Orc:1    | Received a gift from Yredelemnul (a phantasmal warrior)
 22164 | Orc:1    | Found Sihoasag's Antique Weapon Shoppe.
 22445 | Orc:1    | Noticed a stone giant
 22454 | Orc:1    | Killed a stone giant
 22547 | Orc:1    | Found Dulala's Food Shoppe.
 22710 | Orc:1    | Found Reoppus's Book Boutique.
 22784 | Orc:2    | Entered Level 2 of the Orcish Mines
 22787 | Orc:2    | Reached skill level 14 in Throwing
 22798 | Orc:2    | Found Jusef's General Store.
 22812 | Orc:2    | Received a gift from Yredelemnul (a flayed ghost)
 22970 | Orc:2    | Bought a scroll of identify for 22 gold pieces
 22970 | Orc:2    | Bought a scroll of enchant armour for 82 gold pieces
 23035 | Orc:2    | Noticed an orc warlord
 23051 | Orc:2    | Killed an orc warlord
 23090 | Orc:2    | Reached skill level 15 in Throwing
 23094 | Orc:2    | Found Xojeji Legu's Jewellery Emporium.
 23115 | Orc:2    | HP: 31/157 [orc warrior/dire flail (23)]
 23195 | Orc:2    | Found Iveariacs's Antique Armour Shop.
 23351 | Orc:2    | Found a staircase to the Elven Halls.
 23563 | Orc:2    | Reached ****** piety under Yredelemnul
 23615 | Orc:2    | Found Ywoxit's Antique Weapon Emporium.
 23797 | Orc:2    | Bought a wizard robe for 131 gold pieces
 23797 | Orc:2    | Identified the +1 robe of Tidghut {rElec Str+2} (You bought it in a shop on level 2 of the Orcish Mines)
 24101 | D:13     | Learned a level 1 spell: Apportation
 24289 | D:13     | Reached skill level 16 in Maces & Flails
 24715 | D:13     | Received a gift from Yredelemnul (a vampire)
 25026 | D:13     | Found a gate to the Vaults.
 25031 | D:13     | Reached skill level 17 in Maces & Flails
 25237 | D:14     | Received a gift from Yredelemnul (a vampire)
 25245 | D:14     | Reached XP level 15. HP: 134/165 MP: 20/20
 25782 | D:14     | Reached skill level 18 in Maces & Flails
 26300 | D:15     | Entered Level 15 of the Dungeon
 26322 | D:15     | Noticed Sonja
 26333 | D:15     | Killed Sonja
 26434 | D:15     | Received a gift from Yredelemnul (a ghoul)
 26478 | D:15     | Identified a +5 rod of inaccuracy (10/10) (You found it on level 15 of the Dungeon)
 26601 | D:15     | Reached skill level 19 in Maces & Flails
 26762 | D:15     | Noticed a frost giant
 26771 | D:15     | Killed a frost giant
 27101 | D:15     | Received a gift from Yredelemnul (a flayed ghost)
 27312 | D:15     | Reached skill level 20 in Maces & Flails
 27314 | D:15     | Received a gift from Yredelemnul (a vampire)
 27343 | D:15     | Found a staircase to the Depths.
 27589 | D:15     | Got a twitching ivory ring
 27651 | D:15     | Noticed a fire giant
 27654 | D:15     | Killed a fire giant
 27660 | D:15     | Received a gift from Yredelemnul (a vampire knight)
 27683 | D:15     | Found Geocs's Antique Weapon Emporium.
 27695 | D:15     | Identified the ring of Xuamm {-Tele rC++ MR+ Str+5 Stlth-} (You found it on level 15 of the Dungeon)
 27737 | D:15     | HP: 40/165 [wyvern (18)]
 28021 | D:15     | Got a translucent copper ring
 28033 | D:15     | Found Zirphuq's Armour Emporium.
 28146 | D:15     | Got a scorched platinum ring
 28305 | D:15     | Found Peyjilaj's Antique Armour Emporium.
 28311 | D:15     | Reached skill level 21 in Maces & Flails
 28317 | D:15     | Bought a glowing hat for 340 gold pieces
 28595 | Spider:1 | Entered Level 1 of the Spider Nest
 28631 | Spider:1 | Noticed an emperor scorpion
 28631 | Spider:1 | Reached XP level 16. HP: 73/174 MP: 19/21
 28640 | Spider:1 | HP: 39/174 [emperor scorpion (6)]
 28646 | Spider:1 | HP: 31/174 [poisoned by a wolf spider]
 28651 | Spider:1 | HP: 26/174 [jumping spider (3)]
 28658 | Spider:1 | HP: 19/174 [poisoned by a wolf spider]
 28665 | Spider:1 | HP: 21/174 [poisoned by a wolf spider]
 28670 | Spider:1 | HP: 23/174 [poisoned by a wolf spider]
 28676 | Spider:1 | HP: 25/174 [poisoned by a wolf spider]
 28682 | Spider:1 | HP: 27/174 [poisoned by a wolf spider]
 29004 | Lair:3   | Found a staircase to the Swamp.
 29009 | Swamp:1  | Entered Level 1 of the Swamp
 29031 | Swamp:1  | Noticed Louise
 29042 | Swamp:1  | Killed Louise
 29043 | Swamp:1  | Noticed Roxanne
 29054 | Swamp:1  | Received a gift from Yredelemnul (a phantasmal warrior)
 29088 | Swamp:1  | Your ally Louise died
 29394 | Swamp:1  | Received a gift from Yredelemnul (a profane servitor)
 29619 | Swamp:1  | Identified the ring of Peace {Wiz Str+6} (You found it on level 15 of the Dungeon)
 29620 | Swamp:1  | Identified the ring of Beauty {rC+ EV+5 Stlth+} (You found it on level 15 of the Dungeon)
 29962 | Swamp:2  | Reached skill level 22 in Maces & Flails
 30246 | Swamp:2  | HP: 39/174 [spriggan rider/spear (18)]
 30251 | Swamp:2  | HP: 23/174 [spriggan rider/spear (21)]
 30252 | Swamp:2  | HP: 6/174 [spriggan rider/spear (17)]
 30587 | Swamp:2  | Received a gift from Yredelemnul (a phantasmal warrior)
 31527 | Swamp:4  | Entered Level 4 of the Swamp
 31545 | Swamp:4  | HP: 42/174 [swamp dragon (3)]
 31547 | Swamp:4  | HP: 15/174 [seven-headed hydra (14)]
 31547 | Swamp:4  | HP: 2/174 [seven-headed hydra (13)]
 31547 | Swamp:4  | Mangled by a seven-headed hydra

Vault maps used:
D:1:      co_arrival_square_in_a_square_in_a_square, minmay_pentomino_u2
D:2:      lemuel_doored_altar, first_bread
D:4:      grunt_temple_overflow_open, serial_shops, kennysheep_mini_moat
D:5:      portal_sewer_entry_d
D:6:      kennysheep_little_box, serial_shops, shop, uniq_grinder
D:7:      nicolae_overflow_crystal_walls,
          hangedman_abyss_or_decor_jellyfish_corner, minmay_misc_feat_cross,
          grunt_ogre_cave, serial_bayou_pond_a, minmay_shop_grid_forest,
          dk_rats_in_the_wall
D:8:      serial_shops, shop_coins, nicolae_shop_window_shopping,
          nicolae_shop_trees, nicolae_shop_waterfront
D:9:      fedhas_altar_fruit_tree, lightli_temple_of_fire, st_stairs_11,
          onia_ninara_cookie
D:10:     minmay_lair_entry_grove, david_orc_1_choice
D:11:     serial_shops, nicolae_shop_statue_plus, nicolae_zen_rock_garden
D:12:     uniq_frances
D:13:     grunt_vaults_entry_fortified, kennysheep_path_1
D:14:     minmay_crystal_room, minmay_misc_feat_secret_circle
D:15:     hangedman_spin_cycle, uniq_sonja
Temple:   eino_temple_water
Lair:1:   kennysheep_abandoned_house, lemuel_fruit_fields, grunt_megastairs_5,
          uniq_joseph, uniq_nergalle, uniq_grum
Lair:2:   spider_nest_entry_a
Lair:3:   nicolae_swamp_entry_splash_gauntlet, basic_altar
Lair:4:   lab_entry_generic, serial_bayou_ford_a
Lair:5:   uniq_snorg
Lair:6:   grunt_lair_end_beastmaster, slime_altar_1
Swamp:1:  nicolae_swamp_fairy_circle, swamp_pool4, uniq_louise, uniq_roxanne
Swamp:2:  evilmike_swamp_ruin_rubble_1
Swamp:3:  evilmike_swamp_ruin_house_4
Swamp:4:  swamp, swamp_pool5
Spider:1: uniq_agnes
Orc:1:    serial_shops, shop, nicolae_shop_stone, nicolae_shop_stone
Orc:2:    grunt_orc_gardens, grunt_orc_garden, grunt_orc_garden,
          grunt_orc_garden, grunt_orc_garden, nicolae_orc_tapped_out
Lab:      labyrinth_mini_lab, nicolae_lab_hexagon, labyrinth_fake_exit,
          nicolae_lab_x
Sewer:    sewer_frog_island_01

Skill      XL: |  1  2  3  4  5  6  7  8  9 10 11 12 13 14 15 16 |
---------------+-------------------------------------------------+-----
Maces & Flails | 2 3 4 5 6 7 8 9 11 12 13 14 17 21 22 | 22.7
Dodging        | 2 3 5 6 7 8 9 10 | 10.9
Fighting       | 3 4 5 6 8 10 11 13 14 | 14.8
Throwing       | 3 4 5 6 8 9 11 12 15 | 15.2
Invocations    | 2 5 7 |  7.5
Spellcasting   | |  1.2
Hexes          | |  2.1

Action                   |  1- 3 |  4- 6 |  7- 9 | 10-12 | 13-15 | 16-18 || total
-------------------------+-------+-------+-------+-------+-------+-------++-------
Melee: Club              |    46 |       |       |       |       |       ||    46
       Unarmed           |     8 |       |       |       |       |       ||     8
       Whip              |   101 |   192 |       |       |       |       ||   293
       Flail             |       |   124 |   250 |       |       |       ||   374
       Morningstar       |       |       |   178 |     6 |       |       ||   184
       Dire flail        |       |       |       |   690 |   689 |       ||  1379
       Kick              |       |       |       |     4 |   318 |    50 ||   372
       Giant spiked club |       |       |       |       |   244 |   185 ||   429
 Fire: Blowgun           |       |       |    17 |    13 |       |       ||    30
Throw: Stone             |       |    17 |       |       |       |       ||    17
       Large rock        |       |     6 |     6 |    28 |    29 |    15 ||    84
       Tomahawk          |       |     2 |     8 |     5 |     2 |       ||    17
       Javelin           |       |       |     1 |     2 |     5 |       ||     8
       Throwing net      |       |       |       |     1 |     4 |       ||     5
 Cast: Corona            |     2 |       |       |       |       |       ||     2
Invok: Animate Remains   |       |       |     1 |       |       |       ||     1
       Animate Dead      |       |       |     3 |    38 |    56 |    14 ||   111
       Recall Undead Sla |       |       |       |     1 |    13 |     8 ||    22
       Drain Life        |       |       |       |       |     1 |     1 ||     2
Evoke: Wand              |       |       |    15 |     1 |       |     1 ||    17
  Use: Potion            |       |     3 |     6 |     3 |     3 |     3 ||    18
       Scroll            |       |       |    23 |     8 |    21 |     7 ||    59
 Stab: Confused          |       |       |     2 |       |     1 |       ||     3
       Sleeping          |       |       |     1 |       |       |     3 ||     4
       Distracted        |       |       |       |     4 |    11 |     1 ||    16
       Petrified         |       |       |       |       |     5 |       ||     5
       Petrifying        |       |       |       |       |     1 |       ||     1
       Paralysed         |       |       |       |       |     1 |       ||     1
  Eat: Chunk             |     3 |    10 |    13 |    26 |    27 |     1 ||    80
       Fruit             |       |       |     2 |     4 |    17 |     6 ||    29
       Beef jerky        |       |       |     2 |     3 |     7 |     1 ||    13
       Pizza             |       |       |       |     2 |       |       ||     2
       Royal jelly       |       |       |       |     1 |       |     1 ||     2
       Meat ration       |       |       |       |       |     2 |       ||     2
       Bread ration      |       |       |       |       |       |     2 ||     2
Armor: Robe              |    47 |    77 |    87 |   104 |   121 |    18 ||   454
       Skin              |       |    13 |       |       |       |       ||    13
Dodge: Dodged            |   117 |   182 |   232 |   325 |   497 |   171 ||  1524

Vault maps used:
D:1:      co_arrival_square_in_a_square_in_a_square, minmay_pentomino_u2
D:2:      lemuel_doored_altar, first_bread
D:4:      grunt_temple_overflow_open, serial_shops, kennysheep_mini_moat
D:5:      portal_sewer_entry_d
D:6:      kennysheep_little_box, serial_shops, shop, uniq_grinder
D:7:      nicolae_overflow_crystal_walls,
          hangedman_abyss_or_decor_jellyfish_corner, minmay_misc_feat_cross,
          grunt_ogre_cave, serial_bayou_pond_a, minmay_shop_grid_forest,
          dk_rats_in_the_wall
D:8:      serial_shops, shop_coins, nicolae_shop_window_shopping,
          nicolae_shop_trees, nicolae_shop_waterfront
D:9:      fedhas_altar_fruit_tree, lightli_temple_of_fire, st_stairs_11,
          onia_ninara_cookie
D:10:     minmay_lair_entry_grove, david_orc_1_choice
D:11:     serial_shops, nicolae_shop_statue_plus, nicolae_zen_rock_garden
D:12:     uniq_frances
D:13:     grunt_vaults_entry_fortified, kennysheep_path_1
D:14:     minmay_crystal_room, minmay_misc_feat_secret_circle
D:15:     hangedman_spin_cycle, uniq_sonja
Temple:   eino_temple_water
Lair:1:   kennysheep_abandoned_house, lemuel_fruit_fields, grunt_megastairs_5,
          uniq_joseph, uniq_nergalle, uniq_grum
Lair:2:   spider_nest_entry_a
Lair:3:   nicolae_swamp_entry_splash_gauntlet, basic_altar
Lair:4:   lab_entry_generic, serial_bayou_ford_a
Lair:5:   uniq_snorg
Lair:6:   grunt_lair_end_beastmaster, slime_altar_1
Swamp:1:  nicolae_swamp_fairy_circle, swamp_pool4, uniq_louise, uniq_roxanne
Swamp:2:  evilmike_swamp_ruin_rubble_1
Swamp:3:  evilmike_swamp_ruin_house_4
Swamp:4:  swamp, swamp_pool5
Spider:1: uniq_agnes
Orc:1:    serial_shops, shop, nicolae_shop_stone, nicolae_shop_stone
Orc:2:    grunt_orc_gardens, grunt_orc_garden, grunt_orc_garden,
          grunt_orc_garden, grunt_orc_garden, nicolae_orc_tapped_out
Lab:      labyrinth_mini_lab, nicolae_lab_hexagon, labyrinth_fake_exit,
          nicolae_lab_x
Sewer:    sewer_frog_island_01

Table legend:
 A = Turns spent in this place as a percentage of turns spent in the entire game.
 B = Non-inter-level travel turns spent in this place as a percentage of non-inter-level travel turns spent in the entire game.
 C = Inter-level travel turns spent in this place as a percentage of turns spent in this place.
 D = Turns resting spent in this place as a percentage of non-inter-level travel turns spent in this place.
 E = Turns spent auto-exploring this place as a percentage of non-inter-level travel turns spent in this place.
 F = Non-inter-level travel turns spent in this place divided by the number of levels of this place that you've seen.
                   A       B       C       D       E      F
               +-------+-------+-------+-------+-------+----------------------
         Total | 100.0 | 100.0 |   0.6 |   3.9 |   8.6 | 272.0
       Dungeon |  61.4 |  61.5 |   0.6 |   4.0 |   8.5 | 345.4
        Temple |   0.2 |   0.2 |  12.5 |   0.0 |  78.6 |  14.0
          Lair |  19.7 |  19.6 |   0.8 |   4.0 |   8.6 | 275.7
         Swamp |   7.6 |   7.6 |   0.5 |   3.8 |  11.4 | 160.0
   Spider Nest |   0.7 |   0.7 |   1.8 |  16.4 |   1.8 |  55.0
  Orcish Mines |   6.1 |   6.1 |   0.8 |   3.5 |   9.9 | 257.0
     Labyrinth |   2.1 |   2.1 |   0.0 |   0.0 |   0.0 | 176.0
         Sewer |   2.3 |   2.3 |   0.0 |   0.0 |   4.6 | 197.0
               +-------+-------+-------+-------+-------+----------------------

Table legend:
 A = Kills in this place as a percentage of kills in entire the game.
 B = Kills by you in this place as a percentage of kills by you in the entire game.
 C = Kills by friends in this place as a percentage of kills by friends in the entire game.
 D = Other kills in this place as a percentage of other kills in the entire game.
 E = Experience gained in this place as a percentage of experience gained in the entire game.
 F = Experience gained in this place divided by the number of levels of this place that you have seen.
                   A       B       C       D       E      F
               +-------+-------+-------+-------+-------+----------------------
         Total | 100.0 | 100.0 | 100.0 | 100.0 | 100.0 | 5253.3
       Dungeon |  56.2 |  64.4 |  33.7 | 100.0 |  45.6 | 4950.6
          Lair |  19.4 |  16.7 |  26.8 |   0.0 |  25.4 | 6894.3
         Swamp |  11.9 |   9.0 |  19.9 |   0.0 |  18.5 | 7542.8
   Spider Nest |   1.1 |   0.6 |   2.4 |   0.0 |   2.3 | 3752.0
  Orcish Mines |   9.3 |   6.5 |  17.1 |   0.0 |   7.3 | 5923.0
     Labyrinth |   0.3 |   0.5 |   0.0 |   0.0 |   0.8 | 1345.0
         Sewer |   1.8 |   2.4 |   0.0 |   0.0 |   0.1 | 112.0
               +-------+-------+-------+-------+-------+----------------------
